 Dungeon Crawl Stone Soup version 0.21-a0-405-gf2af9a1 (webtiles) character file.

37 Ijustatesigmund the Chopper (level 3, 0/33 HPs)
             Began as a Hill Orc Fighter on Nov 1, 2017.
             Succumbed to an adder's poison
             ... on level 2 of the Dungeon.
             The game lasted 00:02:25 (1305 turns).

Ijustatesigmund the Chopper (Hill Orc Fighter)      Turns: 1305, Time: 00:02:26

Health: 0/33       AC: 11    Str: 18    XL:     3   Next: 39%
Magic:  3/3        EV:  3    Int: 13    God:
Gold:   94         SH:  9    Dex: 11    Spells: 2/2 levels left

rFire    . . .     SeeInvis .   a - +0 war axe
rCold    . . .     Gourm    .   c - +0 shield
rNeg     . . .     Faith    .   b - +0 plate armour
rPois    .         Spirit   .   (no helmet)
rElec    .         Reflect  .   (no cloak)
rCorr    .         Harm     .   (no gloves)
MR       .....                  (no boots)
Stlth    ..........             (no amulet)
HPRegen  0.11/turn              (no ring)
MPRegen  0.08/turn              (no ring)

@: brilliant, lethally poisoned (0 -> -4)
A: no striking features
a: no special abilities


You were on level 2 of the Dungeon.
You were not hungry.

You visited 1 branch of the dungeon, and saw 2 of its levels.

You collected 94 gold pieces.

Inventory:

Hand Weapons
 a - a +0 war axe (weapon)
Armour
 b - a +0 plate armour (worn)
 c - a +0 shield (worn)
Scrolls
 l - a scroll of immolation
Potions
 d - a potion of might
 e - 2 potions of flight
 j - a potion of agility
Comestibles
 f - a bread ration
 g - a royal jelly
 h - 3 fruits


   Skills:
 + Level 4.2 Fighting
 * Level 4.2 Axes
 + Level 3.4 Armour
 - Level 3.2 Shields


You had 2 spell levels left.
You didn't know any spells.

Dungeon Overview and Level Annotations

Branches:
Dungeon (2/15)

Altars:


Message History

You closely miss the bat.
You feel sick. The bat hits you.
* * * LOW HITPOINT WARNING * * *
The adder barely misses you. The adder bites you.
* * * LOW HITPOINT WARNING * * *
You block the bat's attack.
You closely miss the adder.
The adder is severely wounded.
You hit the bat.
You kill the bat!
The adder bites you but does no damage. You block the adder's attack.
Unknown command.
Your plate armour prevents you from hitting the adder.
The adder is severely wounded.
The adder bites you but does no damage. The adder bites you.
* * * LOW HITPOINT WARNING * * *
You are more poisoned.
The adder poisons you!
You miss the adder.
The adder is severely wounded.
You die...

..........#.#....# ###
..###..#.........# # ..#
##.#....##...# #
..####.#....##...# #
...........###...# #
..####.#.#.# #...# . #
..####.#.#.# #...####...
# .....#.#.#.#
#..........
..##.#.#.#.###..@S......
.........#.....†........
..####.###.###....#.##..
.## #.# #.# #........ .
#.# #.# #...##..... .
#.# #.# #...# .##.. .
#.# #.# #...# # .
.#####.###.###....
...................


You could see an adder.

Vanquished Creatures
  2 oozes
  A worm (D:2)
  2 giant cockroaches (D:1)
  A goblin (D:1)
  5 hobgoblins
  2 jackals (D:1)
  4 bats
  A frilled lizard (D:1)
  2 kobolds (D:1)
  4 rats
24 creatures vanquished.

Notes
Turn   | Place    | Note
-------+----------+-------------------------------------------
     0 | D:1      | Ijustatesigmund the Hill Orc Fighter began the quest for the Orb.
     0 | D:1      | Reached XP level 1. HP: 19/19 MP: 1/1
   252 | D:1      | Reached XP level 2. HP: 26/27 MP: 2/2
  1112 | D:2      | Reached XP level 3. HP: 23/33 MP: 3/3
  1304 | D:2      | HP: 1/33 [adder (2)]
  1305 | D:2      | Succumbed to an adder's poison

Vault maps used:
D:1:      elethiomel_arrival_shortcut
D:2:      grunt_temple_overflow_growth_and_decay, nemelex_spade_bored_becter

Skill      XL: |  1  2 |
---------------+-------+-----
Axes           | 3 4 |  4.2
Fighting       | 4 |  4.2
Armour         | |  3.4
Shields        | |  3.2

Action                   || total
-------------------------++-------
Melee: War axe           ||    89
  Use: Scroll            ||     7
       Potion            ||     2
  Eat: Chunk             ||     1
Armor: Scale mail        ||    15
       Plate armour      ||    82
Dodge: Dodged            ||    23
Block: Shield            ||    46

Table legend:
 A = Spawn XP
 B = Non-spawn XP
 C = Spawn XP percentage of total XP
 D = Spawn monster count
 E = Non-spawn monster count
 F = Spawn count percentage of total count
 G = Total turns spent on level
                    A         B        C        D         E        F      G
               +---------+---------+-------+---------+---------+-------+---------
         Total |       0 |      53 |   0.0 |       0 |      24 |   0.0 |  1305
               +---------+---------+-------+---------+---------+-------+---------
           D:1 |       0 |      29 |   0.0 |       0 |      15 |   0.0 |  1104
           D:2 |       0 |      24 |   0.0 |       0 |       9 |   0.0 |   201
               +---------+---------+-------+---------+---------+-------+---------
